 Dungeon Crawl Stone Soup version 0.28.0-43-g3370ac3207 (webtiles) character file.

Game seed: 2563880750342542939

105 zeram the Chopper (level 4, 0/40 HPs)
             Began as a Hill Orc Fighter on Mar 6, 2022.
             Was an Initiate of Yredelemnul.
             Slain by a gnoll
             ... wielding a +0 whip
              (2 damage)
             ... on level 2 of the Dungeon.
             The game lasted 00:02:50 (1966 turns).

zeram the Chopper (Hill Orc Fighter)                Turns: 1966, Time: 00:02:51

Health: 0/40       AC:  8    Str: 20    XL:     4   Next: 83%
Magic:  4/4        EV:  9    Int:  8    God:    Yredelemnul [......]
Gold:   128        SH:  4    Dex: 10    Spells: 3/3 levels left

rFire   . . .      SeeInvis .   a - +0 war axe
rCold   . . .      Faith    .   c - +0 buckler
rNeg    . . .      Spirit   .   b - +0 scale mail
rPois   .          Reflect  .   i - +0 helmet
rElec   .          Harm     .   (no cloak)
rCorr   .          Rampage  .   (no gloves)
Will    .....                   (no boots)
Stlth   ..........              (no amulet)
HPRegen 0.13/turn               (no ring)
MPRegen 0.09/turn               (no ring)

@: mighty
A: no striking features
a: Renounce Religion, Recall Undead Harvest


You were on level 2 of the Dungeon.
You worshipped Yredelemnul.
Yredelemnul was noncommittal.
You visited 1 branch of the dungeon, and saw 3 of its levels.

You collected 128 gold pieces.

Inventory:

Hand Weapons
 a - a +0 war axe (weapon)
 h - a +2 mace of protection
Armour
 b - a +0 scale mail (worn)
 c - a +0 buckler (worn)
 i - a +0 helmet (worn)
Scrolls
 g - 2 scrolls of torment


   Skills:
 + Level 4.1 Fighting
 + Level 4.5 Axes
 + Level 4.1 Armour
 + Level 0.2 Dodging
 + Level 3.8 Shields


You had 3 spell levels left.
You didn't know any spells.
Your spell library was empty.

Dungeon Overview and Level Annotations

Branches:
Dungeon (3/15)

Altars:
Yredelemnul


Message History

The gnoll hits you from afar with a +0 halberd!
* * * LOW HITPOINT WARNING * * *
The gnoll barely misses you.
Okay, then.
Your orc zombie closely misses the gnoll.
The gnoll hits your orc zombie with a +0 halberd!
Your orc zombie is destroyed!
You hit the gnoll but do no damage.
The gnoll is almost dead.
The gnoll hits you with a +0 whip.
* * * LOW HITPOINT WARNING * * *
You hear the slow rusting of a very distant drain.
Items here: ))) [.
Found a stone staircase leading up.
There is a stone staircase leading up here.
The gnoll hits you with a +0 whip.
* * * LOW HITPOINT WARNING * * *
You climb upwards.
There is a stone staircase leading down here.
You barely miss the gnoll.
The gnoll is almost dead.
The gnoll hits you with a +0 whip.
* * * LOW HITPOINT WARNING * * *
You feel better. The gnoll hits you with a +0 whip.
* * * LOW HITPOINT WARNING * * *
You completely miss the gnoll.
The gnoll is almost dead.
The gnoll hits you but does no damage.
You barely miss the gnoll.
The gnoll is almost dead.
The gnoll completely misses you. The gnoll hits you with a +0 whip.
* * * LOW HITPOINT WARNING * * *
You barely miss the gnoll.
The gnoll is almost dead.
The gnoll hits you with a +0 whip.
* * * LOW HITPOINT WARNING * * *
You feel very mighty all of a sudden. The gnoll hits you with a +0 whip.
You die...
Your body rises from the dead as a mindless zombie.

#.#...ZZZZZ..ZZ.......
#.#.#.###########.....
##.#.#.##### #.....
#...<......# #.....
#.##[#..##.# #.....
#.##.#..##.# ######
#.##.....#.############
#.####.g...............
#.....@....############
############


You could see a gnoll.

Vanquished Creatures
  3 adders (D:2)
  3 worms
  A dart slug (D:2)
  4 orcs (D:3)
  5 ball pythons
  A bat (D:1)
  An endoplasm (D:1)
  3 giant cockroaches
  12 goblins (D:2)
  2 hobgoblins
  3 jackals (D:1)
  A quokka (D:1)
  3 frilled lizards (D:1)
  2 kobolds
  3 rats
47 creatures vanquished.

Vanquished Creatures (collateral kills)
  Robin (D:2)
  An endoplasm (D:2)
  A bat (D:2)
3 creatures vanquished.

Vanquished Creatures (others)
  A ball python zombie (D:3)
  5 goblin zombies (D:2)
  A hobgoblin zombie (D:2)
  An orc zombie (D:3)
8 creatures vanquished.

Grand Total: 58 creatures vanquished

Notes
Turn   | Place    | Note
-------+----------+-------------------------------------------
     0 | D:1      | zeram the Hill Orc Fighter began the quest for the Orb.
     0 | D:1      | Reached XP level 1. HP: 19/19 MP: 1/1
    27 | D:1      | Found a faded altar of an unknown god.
   272 | D:1      | Reached XP level 2. HP: 27/27 MP: 2/2
   740 | D:1      | Reached XP level 3. HP: 27/33 MP: 3/3
  1202 | D:2      | Found a basalt altar of Yredelemnul.
  1234 | D:2      | Became a worshipper of Yredelemnul the Dark
  1541 | D:2      | Noticed Robin
  1545 | D:2      | Reached XP level 4. HP: 39/40 MP: 4/4
  1545 | D:2      | Reached * piety under Yredelemnul
  1552 | D:2      | Reached ** piety under Yredelemnul
  1573 | D:2      | Killed Robin
  1965 | D:2      | HP: 2/40 [gnoll/+0 whip (3)]
  1966 | D:2      | Slain by a gnoll

Illustrated notes

Levels and vault maps discovered:
D:1:      matt_arrival_grand_opening, layout_loops_ring,
          chequers_ecumenical_altar_simple, nrook_uturn, kennysheep_nondescript,
          minmay_crystal_room, nicolae_wormholes
D:2:      layout_loops_cross, basic_altar, uniq_robin
D:3:      layout_rooms, serial_shops, nicolae_shop_bloodbath_and_beyond,
          lightli_sewer_entry_pipes, chequers_arboretum

Skill      XL: |  1  2  3  4 |
---------------+-------------+-----
Axes           | 3 4 |  4.5
Fighting       | 4 |  4.1
Armour         | 4 |  4.1
Dodging        | |  0.2
Shields        | |  3.8

Action                   |  1- 3 |  4- 6 || total
-------------------------+-------+-------++-------
Melee: War axe           |    95 |    40 ||   135
  Use: Scroll            |     1 |     2 ||     3
       Potion            |       |     2 ||     2
Armor: Scale mail        |    36 |    14 ||    50
Dodge: Dodged            |    33 |    16 ||    49
Block: Buckler           |    30 |     9 ||    39
